SR
MONTGOMERY BISCUITS @ MOOSE JAW CANUCKS
05/18/2042
 
TOP OF THE 1ST
Montgomery Biscuits batting - Pitching for Moose Jaw Canucks : RHP Jun-suk Sin
Pitching: RHP Jun-suk Sin
Batting: RHB Albert Monday 0-0: Ball
1-0: Foul Ball, location: 2F
1-1: Foul Ball, location: 2F
1-2: Ball
2-2: Ground out 6-3 (Groundball, 56, EV 101.2 MPH)
Batting: RHB Bob Clark 0-0: Called Strike
0-1: Foul Ball, location: 2F
0-2: Ball
1-2: Foul Ball, location: 2F
1-2: Ball
2-2: Ball
3-2: Reached on error, E1 (Groundball, 34S, EV 81.2 MPH)
Batting: LHB Juan Martínez 0-0: Ball
1-0: Swinging Strike
1-1: Ball
2-1: Foul Ball, location: 2F
2-2: Strikes out swinging
Bob Clark steals 2nd base
Batter strikes out.
Batting: RHB Ming-an Yin 0-0: Ball
1-0: Swinging Strike
1-1: Fly out, F7 (Flyball, 7S, EV 96.9 MPH)
Top of the 1st over - 0 runs, 0 hits, 1 error, 1 left on base; Montgomery 0 - Moose Jaw 0
BOTTOM OF THE 1ST
Moose Jaw Canucks batting - Pitching for Montgomery Biscuits : LHP Keala Mikala
Pitching: LHP Keala Mikala
Batting: RHB Marcos Martínez 0-0: Called Strike
0-1: Called Strike
0-2: Foul Ball, location: 2F
0-2: Foul Ball, location: 2F
0-2: Ball
1-2: Foul Ball, location: 2F
1-2: Ball
2-2: Foul Ball, location: 2F
2-2: Foul Ball, location: 2F
2-2: Foul Ball, location: 2F
2-2: Strikes out looking
Batting: RHB Tommy Wright 0-0: Ball
1-0: Swinging Strike
1-1: Ball
2-1: Fly out, F4 (Popup, 34S, EV 70.0 MPH)
Batting: RHB Román Ayala 0-0: Ball
1-0: Called Strike
1-1: SINGLE (Groundball, 4MD, EV 95.6 MPH)
Batting: LHB Steve Scott 0-0: Foul Ball, location: 2F
0-1: Ball
Wild Pitch!
Román Ayala to second
1-1: Ball
2-1: Ground out 5-3 (Groundball, 56, EV 103.1 MPH)
Bottom of the 1st over - 0 runs, 1 hit, 0 errors, 1 left on base; Montgomery 0 - Moose Jaw 0
TOP OF THE 2ND
Montgomery Biscuits batting - Pitching for Moose Jaw Canucks : RHP Jun-suk Sin
Batting: LHB Pedro Delava 0-0: Called Strike
0-1: Ball
1-1: Ball
2-1: Swinging Strike
2-2: Ground out 5-3 (Groundball, 56, EV 79.4 MPH)
Batting: RHB Chad Holland 0-0: Foul Ball, location: 2F
0-1: Ground out 1-3 (Groundball, P, EV 83.8 MPH)
Batting: RHB Michael Hawk 0-0: Ball
1-0: Ball
2-0: Called Strike
2-1: DOUBLE (Line Drive, 7LM, EV 105.0 MPH)
Batting: RHB Chiel Spronck 0-0: Ball
1-0: Ball
2-0: Ball
3-0: Called Strike
3-1: Base on Balls
Batting: RHB José Labandeira 0-0: Ball
1-0: Foul Ball, location: 2F
1-1: SINGLE (Line Drive, 7S, EV 91.9 MPH)
Michael Hawk to third
Chiel Spronck to second
Batting: RHB Albert Monday 0-0: Swinging Strike
0-1: Ball
1-1: Fly out, F7 (Flyball, 7D, EV 78.1 MPH)
Top of the 2nd over - 0 runs, 2 hits, 0 errors, 3 left on base; Montgomery 0 - Moose Jaw 0
BOTTOM OF THE 2ND
Moose Jaw Canucks batting - Pitching for Montgomery Biscuits : LHP Keala Mikala
Batting: RHB Chad Edwards 0-0: Called Strike
0-1: Called Strike
0-2: Ball
1-2: Ball
2-2: Strikes out swinging
Batting: RHB Millard Carr 0-0: Ball
1-0: Swinging Strike
1-1: Ball
2-1: Foul Ball, location: 2F
2-2: Strikes out looking
Batting: RHB Dave Johns 0-0: Ground out 6-3 (Groundball, 6MS, EV 86.2 MPH)
Bottom of the 2nd over - 0 runs, 0 hits, 0 errors, 0 left on base; Montgomery 0 - Moose Jaw 0
TOP OF THE 3RD
Montgomery Biscuits batting - Pitching for Moose Jaw Canucks : RHP Jun-suk Sin
Batting: RHB Bob Clark 0-0: Ball
1-0: Foul Ball, location: 2F
1-1: Swinging Strike
1-2: Fly out, F6 (Line Drive, 6, EV 70.6 MPH)
Batting: LHB Juan Martínez 0-0: Called Strike
0-1: Ball
1-1: SINGLE (Groundball, 4MD, EV 101.9 MPH)
Batting: RHB Ming-an Yin 0-0: Ball
1-0: Ball
2-0: Fly out, F8 (Line Drive, 8RD, EV 92.5 MPH)
Batting: LHB Pedro Delava 0-0: DOUBLE (Flyball, 78XD, EV 109.4 MPH)
Juan Martínez to third
Runner from 3rd tries for Home, SAFE, throw by CF to home
Batting: RHB Chad Holland 0-0: Ball
1-0: Called Strike
1-1: Ball
2-1: Fly out, F3 (Line Drive, 3, EV 71.2 MPH)
Top of the 3rd over - 1 run, 2 hits, 0 errors, 1 left on base; Montgomery 1 - Moose Jaw 0
BOTTOM OF THE 3RD
Moose Jaw Canucks batting - Pitching for Montgomery Biscuits : LHP Keala Mikala
Batting: RHB George Holmes 0-0: Ball
1-0: Fly out, F8 (Line Drive, 8RD, EV 85.0 MPH)
Batting: LHB Gary McQueen 0-0: Ball
1-0: Ground out U3 (Groundball, 34, EV 91.9 MPH)
Batting: RHB Marcos Martínez 0-0: Ball
1-0: Ball
2-0: Fly out, F8 (Flyball, 8RM, EV 92.5 MPH)
Bottom of the 3rd over - 0 runs, 0 hits, 0 errors, 0 left on base; Montgomery 1 - Moose Jaw 0
TOP OF THE 4TH
Montgomery Biscuits batting - Pitching for Moose Jaw Canucks : RHP Jun-suk Sin
Batting: RHB Michael Hawk 0-0: Foul Ball, location: 2F
0-1: Foul Ball, location: 2F
0-2: Foul Ball, location: 2F
0-2: Strikes out looking
Batting: RHB Chiel Spronck 0-0: Called Strike
0-1: Swinging Strike
0-2: Ball
1-2: Strikes out swinging
Batting: RHB José Labandeira 0-0: Ball
1-0: Bunt missed!
1-1: Swinging Strike
1-2: Foul Ball, location: 2F
1-2: Strikes out looking
Top of the 4th over - 0 runs, 0 hits, 0 errors, 0 left on base; Montgomery 1 - Moose Jaw 0
BOTTOM OF THE 4TH
Moose Jaw Canucks batting - Pitching for Montgomery Biscuits : LHP Keala Mikala
Batting: RHB Tommy Wright 0-0: Ball
1-0: Fly out, F8 (Flyball, 8RS, EV 87.5 MPH)
Batting: RHB Román Ayala 0-0: Called Strike
0-1: Ball
1-1: Called Strike
1-2: Ball
2-2: Strikes out swinging
Batting: LHB Steve Scott 0-0: Swinging Strike
0-1: Foul Ball, location: 2F
0-2: Foul Ball, location: 2F
0-2: Strikes out swinging
Bottom of the 4th over - 0 runs, 0 hits, 0 errors, 0 left on base; Montgomery 1 - Moose Jaw 0
TOP OF THE 5TH
Montgomery Biscuits batting - Pitching for Moose Jaw Canucks : RHP Jun-suk Sin
Batting: RHB Albert Monday 0-0: Called Strike
0-1: Ball
1-1: Ball
2-1: Foul Ball, location: 2F
2-2: Strikes out looking
Batting: RHB Bob Clark 0-0: Called Strike
0-1: Foul Ball, location: 2F
0-2: Ball
1-2: SINGLE (Groundball, 4D, EV 95.6 MPH)
Batting: LHB Juan Martínez 0-0: Fly out, F6 (Popup, 6, EV 73.1 MPH)
Batting: RHB Ming-an Yin 0-0: Ball
1-0: Ball
2-0: Called Strike
2-1: Ball
3-1: Foul Ball, location: 2F
3-2: Foul Ball, location: 2F
3-2: Strikes out swinging
Top of the 5th over - 0 runs, 1 hit, 0 errors, 1 left on base; Montgomery 1 - Moose Jaw 0
BOTTOM OF THE 5TH
Moose Jaw Canucks batting - Pitching for Montgomery Biscuits : LHP Keala Mikala
Batting: RHB Chad Edwards 0-0: Swinging Strike
0-1: Called Strike
0-2: Strikes out swinging
Batting: RHB Millard Carr 0-0: Ground out U3 (Groundball, 3, EV 88.1 MPH)
Batting: RHB Dave Johns 0-0: Ball
1-0: SINGLE (Line Drive, 78M, EV 100.6 MPH)
Batting: RHB George Holmes 0-0: Foul Ball, location: 2F
0-1: Fly out, F8 (Flyball, 8LD, EV 96.2 MPH)
Bottom of the 5th over - 0 runs, 1 hit, 0 errors, 1 left on base; Montgomery 1 - Moose Jaw 0
TOP OF THE 6TH
Montgomery Biscuits batting - Pitching for Moose Jaw Canucks : RHP Jun-suk Sin
Batting: LHB Pedro Delava 0-0: Ball
1-0: Ball
2-0: Ground out 6-3 (Groundball, 6, EV 83.1 MPH)
Batting: RHB Chad Holland 0-0: Called Strike
0-1: Ball
1-1: Ball
2-1: Called Strike
2-2: Ground out 6-3 (Groundball, 6, EV 103.8 MPH)
Batting: RHB Michael Hawk 0-0: Ground out 6-3 (Groundball, 6, EV 79.4 MPH)
Top of the 6th over - 0 runs, 0 hits, 0 errors, 0 left on base; Montgomery 1 - Moose Jaw 0
BOTTOM OF THE 6TH
Moose Jaw Canucks batting - Pitching for Montgomery Biscuits : LHP Keala Mikala
Pitching: LHP Brenden Cleverdon
Batting: LHB Gary McQueen 0-0: Foul Ball, location: 2F
0-1: Foul Ball, location: 2F
0-2: Ball
1-2: Fly out, F4 (Line Drive, 4, EV 65.0 MPH)
Batting: RHB Marcos Martínez 0-0: Called Strike
0-1: Called Strike
0-2: Ball
1-2: Strikes out swinging
Batting: RHB Tommy Wright 0-0: Swinging Strike
0-1: Ball
1-1: Foul Ball, location: 2F
1-2: Ball
2-2: Ball
3-2: Strikes out swinging
Bottom of the 6th over - 0 runs, 0 hits, 0 errors, 0 left on base; Montgomery 1 - Moose Jaw 0
TOP OF THE 7TH
Montgomery Biscuits batting - Pitching for Moose Jaw Canucks : RHP Jun-suk Sin
Batting: RHB Chiel Spronck 0-0: Foul Ball, location: 2F
0-1: Ball
1-1: SINGLE (Groundball, 6MD, EV 105.6 MPH)
Batting: RHB José Labandeira 0-0: Bunted foul
0-1: Bunted foul
0-2: Foul Ball, location: 2F
0-2: Ball
1-2: SINGLE (Groundball, 56, EV 102.5 MPH) (infield hit)
Chiel Spronck to second
Batting: RHB Albert Monday 0-0: Called Strike
0-1: Ball
1-1: Ball
2-1: Called Strike
2-2: SINGLE (Groundball, 6MD, EV 99.4 MPH)
Chiel Spronck to third
José Labandeira to second
Runner from 3rd tries for Home, SAFE, no throw by CF
Pitching: LHP Jesús Árias
Batting: RHB Bob Clark 0-0: Sac Bunt to 2R - play at first, batter OUT! 2-3
José Labandeira to third
Albert Monday to second
Batting: LHB Juan Martínez 0-0: Ball
1-0: Called Strike
1-1: Ball
Wild Pitch!
José Labandeira scores
Albert Monday to third
2-1: Called Strike
2-2: Ball
3-2: Base on Balls
Batting: RHB Ming-an Yin 0-0: Ball
1-0: Ball
2-0: Ball
3-0: Called Strike
3-1: SINGLE (Line Drive, 8LS, EV 106.9 MPH)
Albert Monday scores
Juan Martínez to second
Batting: LHB Pedro Delava 0-0: Called Strike
0-1: Ball
1-1: Foul Ball, location: 2F
1-2: Reached on error, E5 (Groundball, 56S, EV 80.0 MPH)
Juan Martínez to third
Ming-an Yin to second
Batting: RHB Chad Holland 0-0: Called Strike
0-1: Ball
1-1: Ball
2-1: Called Strike
2-2: Fly out, F8 (Flyball, 8RM, EV 72.5 MPH)
Batting: RHB Michael Hawk 0-0: Ball
1-0: Called Strike
1-1: Called Strike
1-2: Ball
2-2: Ball
3-2: Base on Balls
Juan Martínez scores
Ming-an Yin to third
Pedro Delava to second
Batting: RHB Chiel Spronck 0-0: Called Strike
0-1: Swinging Strike
0-2: Strikes out swinging
Top of the 7th over - 4 runs, 4 hits, 1 error, 3 left on base; Montgomery 5 - Moose Jaw 0
BOTTOM OF THE 7TH
Moose Jaw Canucks batting - Pitching for Montgomery Biscuits : LHP Brenden Cleverdon
Batting: RHB Román Ayala 0-0: Ball
1-0: Ball
2-0: Ball
3-0: Called Strike
3-1: Foul Ball, location: 2F
3-2: SINGLE (Groundball, 56D, EV 108.8 MPH)
Batting: LHB Steve Scott 0-0: Ball
1-0: Called Strike
1-1: Ball
2-1: Foul Ball, location: 2F
2-2: Strikes out swinging
Batting: RHB Chad Edwards 0-0: Foul Ball, location: 2F
0-1: Swinging Strike
0-2: Ball
1-2: Foul Ball, location: 2F
1-2: Foul Ball, location: 2F
1-2: Strikes out looking
Batting: RHB Millard Carr 0-0: Ball
1-0: Ball
2-0: Ground out 4-3 (Groundball, 4, EV 82.5 MPH)
Bottom of the 7th over - 0 runs, 1 hit, 0 errors, 1 left on base; Montgomery 5 - Moose Jaw 0
TOP OF THE 8TH
Montgomery Biscuits batting - Pitching for Moose Jaw Canucks : LHP Jesús Árias
Batting: RHB José Labandeira 0-0: Ball
1-0: Ball
2-0: Called Strike
2-1: Ball
3-1: Fly out, F7 (Flyball, 7LS, EV 86.9 MPH)
Batting: RHB Albert Monday 0-0: Called Strike
0-1: Ball
1-1: Swinging Strike
1-2: Strikes out swinging
Batting: RHB Bob Clark 0-0: Swinging Strike
0-1: Foul Ball, location: 2F
0-2: Strikes out looking
Top of the 8th over - 0 runs, 0 hits, 0 errors, 0 left on base; Montgomery 5 - Moose Jaw 0
BOTTOM OF THE 8TH
Moose Jaw Canucks batting - Pitching for Montgomery Biscuits : LHP Brenden Cleverdon
Batting: RHB Dave Johns 0-0: Called Strike
0-1: Ball
1-1: Ball
2-1: Called Strike
2-2: Foul Ball, location: 2F
2-2: Fly out, F9 (Flyball, 89M, EV 86.2 MPH)
Batting: RHB George Holmes 0-0: Ball
1-0: SINGLE (Line Drive, 5D, EV 98.8 MPH)
Batting: LHB Gary McQueen 0-0: Ball
1-0: Foul Ball, location: 2F
1-1: Foul Ball, location: 2F
1-2: Ball
2-2: Fielders Choice at 2nd, 6-4 (Groundball, 6, EV 110.6 MPH)
Batting: RHB Marcos Martínez 0-0: Swinging Strike
0-1: Foul Ball, location: 2F
0-2: Foul Ball, location: 2F
0-2: Ground out 4-3 (Groundball, 34, EV 84.4 MPH)
Bottom of the 8th over - 0 runs, 1 hit, 0 errors, 1 left on base; Montgomery 5 - Moose Jaw 0
TOP OF THE 9TH
Montgomery Biscuits batting - Pitching for Moose Jaw Canucks : LHP Jesús Árias
Batting: LHB Juan Martínez 0-0: Called Strike
0-1: Ball
1-1: Foul Ball, location: 2F
1-2: Foul Ball, location: 2F
1-2: Ball
2-2: Ball
3-2: Base on Balls
Pitching: RHP Chang-soo Pak
Batting: RHB Ming-an Yin 0-0: Swinging Strike
0-1: Foul Ball, location: 2F
0-2: Fly out, F8 (Flyball, 8RM, EV 80.6 MPH)
Batting: LHB Pedro Delava 0-0: Foul Ball, location: 2F
0-1: Ball
1-1: Foul Ball, location: 2F
1-2: Ball
2-2: Strikes out swinging
Batting: RHB Chad Holland 0-0: Ball
1-0: Ball
2-0: Foul Ball, location: 2F
2-1: Called Strike
2-2: Strikes out swinging
Top of the 9th over - 0 runs, 0 hits, 0 errors, 1 left on base; Montgomery 5 - Moose Jaw 0
BOTTOM OF THE 9TH
Moose Jaw Canucks batting - Pitching for Montgomery Biscuits : LHP Brenden Cleverdon
Batting: RHB Tommy Wright 0-0: Foul Ball, location: 2F
0-1: Ball
1-1: Ball
2-1: Swinging Strike
2-2: Ground out 6-3 (Groundball, 56, EV 83.1 MPH)
Batting: RHB Román Ayala 0-0: Called Strike
0-1: Ball
1-1: Ball
2-1: SINGLE (Groundball, 6MD, EV 103.8 MPH)
Pitching: LHP Qu-bing Li
Batting: LHB Steve Scott 0-0: Called Strike
0-1: Called Strike
0-2: Ball
1-2: Ball
2-2: Fly out, F7 (Line Drive, 8LD, EV 88.8 MPH)
Batting: RHB Chad Edwards 0-0: SINGLE (Line Drive, 89S, EV 108.1 MPH)
Román Ayala to second
Batting: RHB Millard Carr 0-0: SINGLE (Line Drive, 8RS, EV 91.2 MPH)
Román Ayala to third
Chad Edwards to second
Batting: RHB Dave Johns 0-0: Ball
1-0: Swinging Strike
1-1: Ball
2-1: Swinging Strike
2-2: Strikes out looking
Bottom of the 9th over - 0 runs, 3 hits, 0 errors, 3 left on base; Montgomery 5 - Moose Jaw 0
Friday, March 26th, 2021 - OOTP Baseball 20.8 Build 74